 Dungeon Crawl Stone Soup version 0.20.1-1-g8b1a95d (webtiles) character file.

10630 n0claF the Basher (level 11, -5/102 HPs)
             Began as a Minotaur Berserker on Nov 2, 2017.
             Was an Elder of Trog.
             Asphyxiated
             ... on level 2 of the Lair of Beasts.
             The game lasted 00:26:45 (6602 turns).

n0claF the Basher (Minotaur Berserker)              Turns: 6602, Time: 00:26:46

Health: -5/102     AC: 18    Str: 25    XL:     11   Next: 38%
Magic:  10/10      EV: 12    Int:  4    God:    Trog [****..]
Gold:   380        SH:  0    Dex: 14    Spells: 10/10 levels left

rFire    . . .     SeeInvis .   G - +0 dire flail (holy)
rCold    . . .     Gourm    .   (shield currently unavailable)
rNeg     . . .     Faith    .   C - +1 plate armour
rPois    .         Spirit   .   (helmet restricted)
rElec    .         Reflect  .   (no cloak)
rCorr    .         Harm     .   B - +0 pair of gloves
MR       .....                  J - +0 pair of boots
Stlth    ..........             E - amulet of regeneration
Regen    0.7/turn               n - +2 ring of dexterity
MPRegen  0.2/turn               P - +2 ring of strength

@: lethally poisoned (-5 -> -22), berserk cooldown, very slightly contaminated,
slowed, very slow
A: retaliatory headbutt, horns 2
a: Berserk, Trog's Hand, Brothers in Arms, Burn Spellbooks, Renounce Religion


You were on level 2 of the Lair of Beasts.
You worshipped Trog.
Trog was greatly pleased with you.
You were hungry.

You visited 2 branches of the dungeon, and saw 10 of its levels.

You collected 590 gold pieces.
You spent 210 gold pieces at shops.

Inventory:

Hand Weapons
 a - a +0 mace
 G - a +0 dire flail of holy wrath (weapon)
Armour
 v - a +0 buckler
 B - a +0 pair of gloves (worn)
 C - a +1 plate armour (worn)
 J - a +0 pair of boots (worn)
Jewellery
 b - an uncursed amulet of the gourmand
 n - a +2 ring of dexterity (left hand)
 p - an uncursed ring of poison resistance
 z - an uncursed ring of magical power
 E - an amulet of regeneration (around neck)
 I - a +2 ring of evasion
 P - a +2 ring of strength (right hand)
Wands
 r - a wand of confusion (32/48)
 u - a wand of confusion (2/48)
 H - a wand of iceblast (15/15)
 Q - a wand of iceblast (5/15)
Scrolls
 d - 3 scrolls of remove curse
 e - a scroll of magic mapping {unknown}
 h - 2 scrolls of amnesia
 k - 2 scrolls of teleportation
 y - a scroll of recharging
 K - 2 scrolls of vulnerability
 L - 2 scrolls of random uselessness
 N - a scroll of enchant weapon {unknown}
 O - a scroll of holy word {unknown}
Potions
 f - 6 potions of flight
 g - a potion of lignification
 i - 6 potions of curing
 j - 2 potions of heal wounds
 l - 3 potions of brilliance
 m - a potion of ambrosia {unknown}
 o - a potion of magic {unknown}
 s - 2 potions of mutation {unknown}
 t - 3 potions of berserk rage {unknown}
 w - a potion of cancellation {unknown}
 A - 2 potions of degeneration {unknown}
 M - a potion of invisibility {unknown}
Comestibles
 c - 4 bread rations
 q - 6 meat rations
 x - 4 royal jellies
 F - 11 fruits
 R - a chunk of flesh


   Skills:
 + Level 11.4 Fighting
 + Level 12.3 Maces & Flails
 + Level 10.2 Armour
 + Level 9.4 Dodging
 - Level 0.6 Stealth


You had 10 spell levels left.
You didn't know any spells.

Dungeon Overview and Level Annotations

Branches:
Dungeon (8/15)             Temple (0/1) D:5            Lair (2/6) D:8
  Swamp: Lair:2-4    Shoals: Lair:2-4     Snake: Lair:2-4    Spider: Lair:2-4

Altars:
Ashenzari
Dithmenos
Okawaru
Sif Muna
Trog
Xom
Zin
The Shining One

Shops:
D:6 (   D:8 !=}[

Annotations:
Lair:2 Sonja


Innate Abilities, Weirdness & Mutations

You reflexively headbutt those who attack you in melee.
You have a pair of horns on your head.


Message History

You feel very sick.
You feel sick.
You feel very sick.
You feel sick.
Sonja gestures wildly while chanting.
Sonja blinks!
You feel sick.
You feel sick.
Sonja shoots a curare-tipped needle.
The curare-tipped needle hits you.
You are more poisoned.
You have difficulty breathing.
* * * LOW HITPOINT WARNING * * *
You feel as though you will be slow longer.
You see here a curare-tipped needle.
* * * LOW HITPOINT WARNING * * *
You feel very sick.
Sonja shoots a curare-tipped needle.
The curare-tipped needle hits you.
You are more poisoned.
You have difficulty breathing.
You die...

###### ## ### ###
####P.P.##P#### ##.##
#.####..#............
....#####..#.......###....≈≈
....#.P#..........#≈≈.....≈#
..........####..@.#≈≈.....≈###
.....#....# #...(.#≈P....≈≈≈≈
#...###....###.P..r..........
...........................#
....................l>.....##
...........[...............P#
.................†..........#
.................K.........#####
#..# ....#..#....##.##.......#


You could see a komodo dragon, Sonja and a porcupine.

Vanquished Creatures
  A hydra (Lair:1)
  The ghost of mmigdal the Carver, a journeyman DsFi (Lair:2)
  A two-headed ogre (D:8)
  3 spiny frogs (Lair:1)
  2 rime drakes (Lair:1)
  5 komodo dragons (Lair:2)
  3 hippogriffs
  2 basilisks (D:8)
  13 yaks
  5 porcupines
  4 water moccasins
  An orc warrior (D:6)
  An ogre (D:8)
  3 black bears
  2 wolves (D:8)
  2 centaurs
  3 crocodiles
  Blork the orc (D:5)
  2 bullfrogs
  2 scorpions
  An electric eel (D:8)
  2 bullfrog zombies (D:8)
  A crimson imp (D:6)
  2 hounds (D:8)
  A jelly (D:7)
  A bullfrog skeleton (D:5)
  4 orc priests
  A gnoll shaman (D:7)
  4 iguanas
  Natasha (thrice) (D:2)
  A worker ant (D:6)
  10 gnolls
  6 adders
  A river rat (D:4)
  2 shadow imps
  4 dart slugs
  2 worms
  9 leopard geckos
  22 orcs
  6 bats
  7 giant cockroaches
  7 hobgoblins
  7 jackals (D:2)
  6 kobolds
  2 quokkas
  2 ball pythons
  2 frilled lizards
  3 goblins
  2 quokka skeletons
  11 rats
189 creatures vanquished.

Vanquished Creatures (collateral kills)
  The ghost of letownia2 the Reanimator, a novice DDNe of Gozag (D:8)
1 creature vanquished.

Grand Total: 190 creatures vanquished

Notes
Turn   | Place    | Note
-------+----------+-------------------------------------------
     0 | D:1      | n0claF the Minotaur Berserker began the quest for the Orb.
     0 | D:1      | Reached XP level 1. HP: 19/19 MP: 0/0
   171 | D:1      | Reached XP level 2. HP: 18/27 MP: 1/1
   219 | D:1      | Reached skill level 4 in Maces & Flails
   536 | D:1      | Reached XP level 3. HP: 29/34 MP: 2/2
   716 | D:2      | Noticed Natasha
   725 | D:2      | Killed Natasha
   738 | D:2      | Reached ** piety under Trog
  1037 | D:2      | Noticed Natasha
  1041 | D:2      | Reached XP level 4. HP: 41/41 MP: 3/3
  1043 | D:2      | Killed Natasha
  1046 | D:2      | Reached skill level 5 in Maces & Flails
  1089 | D:2      | Noticed Natasha
  1097 | D:2      | Killed Natasha
  1097 | D:2      | Reached skill level 5 in Fighting
  1183 | D:2      | Reached XP level 5. HP: 48/48 MP: 4/4
  1510 | D:3      | Found a shimmering altar of Xom.
  2001 | D:4      | Found a shattered altar of Ashenzari.
  2397 | D:4      | Reached XP level 6. HP: 56/56 MP: 5/5
  2496 | D:4      | Found a shadowy altar of Dithmenos.
  2498 | D:4      | Found a glowing silver altar of Zin.
  2529 | D:4      | Reached *** piety under Trog
  2807 | D:5      | Entered Level 5 of the Dungeon
  2969 | D:5      | Noticed a water moccasin
  2972 | D:5      | Reached skill level 6 in Maces & Flails
  2976 | D:5      | Killed a water moccasin
  3047 | D:5      | Noticed Blork the orc
  3051 | D:5      | Killed Blork the orc
  3170 | D:5      | Found a staircase to the Ecumenical Temple.
  3230 | D:5      | Found a bloodstained altar of Trog.
  3279 | D:5      | Reached XP level 7. HP: 62/62 MP: 6/6
  3453 | D:6      | Reached skill level 7 in Maces & Flails
  3533 | D:6      | Found an iron altar of Okawaru.
  3834 | D:6      | Found Ekyxedill's Antique Weapon Shop.
  3842 | D:6      | Bought a runed dire flail for 210 gold pieces
  3908 | D:6      | Found a glowing golden altar of the Shining One.
  4071 | D:7      | Found a deep blue altar of Sif Muna.
  4085 | D:7      | Noticed a hippogriff
  4093 | D:7      | Killed a hippogriff
  4093 | D:7      | Reached skill level 8 in Maces & Flails
  4093 | D:7      | Reached XP level 8. HP: 66/71 MP: 7/7
  4197 | D:7      | Reached **** piety under Trog
  4379 | D:7      | Found a shadowy altar of Dithmenos.
  4399 | D:7      | Reached skill level 9 in Maces & Flails
  4646 | D:8      | Reached skill level 5 in Armour
  4648 | D:8      | Reached skill level 5 in Dodging
  4657 | D:8      | Reached XP level 9. HP: 67/81 MP: 8/8
  4700 | D:8      | Found a staircase to the Lair.
  4738 | D:8      | Found Huorchikk's Armour Boutique.
  4830 | D:8      | Found Onluev's Gadget Shoppe.
  4877 | D:8      | Noticed letownia2's ghost (novice DDNe)
  4898 | D:8      | Killed letownia2's ghost
  4898 | D:8      | Reached skill level 10 in Maces & Flails
  5066 | D:8      | Found Ezihair's Jewellery Boutique.
  5089 | D:8      | Found Jyteossu's Distillery.
  5352 | D:8      | Noticed a two-headed ogre
  5361 | D:8      | Killed a two-headed ogre
  5361 | D:8      | Reached XP level 10. HP: 41/91 MP: 9/9
  5481 | Lair:1   | Entered Level 1 of the Lair of Beasts
  5581 | Lair:1   | Reached skill level 11 in Maces & Flails
  5638 | Lair:1   | Reached skill level 10 in Fighting
  5666 | Lair:1   | Noticed a spiny frog
  5675 | Lair:1   | Killed a spiny frog
  5688 | Lair:1   | Noticed a spiny frog
  5697 | Lair:1   | Killed a spiny frog
  5765 | Lair:1   | Noticed a five-headed hydra
  5774 | Lair:1   | Killed a five-headed hydra
  5861 | Lair:1   | Found a frozen archway.
  5879 | Lair:1   | Noticed a spiny frog
  5894 | Lair:1   | Killed a spiny frog
  6464 | Lair:2   | Reached XP level 11. HP: 101/101 MP: 10/10
  6477 | Lair:2   | Reached skill level 12 in Maces & Flails
  6494 | Lair:2   | Reached skill level 10 in Armour
  6577 | Lair:2   | Noticed mmigdal's ghost (journeyman DsFi)
  6583 | Lair:2   | Killed mmigdal's ghost
  6587 | Lair:2   | Noticed Sonja
  6602 | Lair:2   | HP: 4/102 [poisoned by Sonja (curare-tipped needle)]
  6602 | Lair:2   | Asphyxiated

Skill      XL: |  1  2  3  4  5  6  7  8  9 10 11 |
---------------+----------------------------------+-----
Fighting       | 4 5 6 8 9 10 11 | 11.4
Maces & Flails | 4 5 6 8 9 10 11 12 | 12.3
Dodging        | 3 4 5 7 8 9 |  9.4
Armour         | 3 4 5 7 9 10 | 10.2
Stealth        | |  0.6

Action                   |  1- 3 |  4- 6 |  7- 9 | 10-12 || total
-------------------------+-------+-------+-------+-------++-------
Melee: Mace              |    58 |    34 |       |       ||    92
       Headbutt          |     5 |    22 |    30 |    35 ||    92
       Flail             |       |    68 |    38 |       ||   106
       Dire flail        |       |       |   135 |   126 ||   261
Invok: Berserk           |     2 |     4 |     7 |     5 ||    18
       Burn Spellbooks   |       |       |     1 |       ||     1
       Trog's Hand       |       |       |     1 |     1 ||     2
       Brothers in Arms  |       |       |     1 |     1 ||     2
  Use: Scroll            |       |       |    14 |     1 ||    15
 Stab: Sleeping          |     1 |       |       |       ||     1
  Eat: Chunk             |     1 |    10 |    14 |     8 ||    33
       Royal jelly       |       |     1 |       |       ||     1
       Fruit             |       |       |       |     1 ||     1
Armor: Animal skin       |    16 |     5 |       |       ||    21
       Chain mail        |       |    12 |       |       ||    12
       Plate armour      |       |    29 |    94 |    47 ||   170
Dodge: Dodged            |    47 |    51 |    88 |    52 ||   238
